 Dungeon Crawl Stone Soup version 0.13.1-19-g4b9377e (webtiles) character file.

226 Kae the Shooter (level 3, -1/29 HPs)
             Began as a Centaur Hunter on Dec 19, 2013.
             Slain by an adder (2 damage)
             ... on Level 2 of the Dungeon.
             The game lasted 00:01:40 (1124 turns).

Kae the Shooter (Centaur Hunter)                    Turns: 1124, Time: 00:01:40

HP  -1/29        AC  4     Str 14      XL: 3   Next: 50%
MP   2/2         EV  9     Int 10      God:
Gold 178         SH  0     Dex 10      Spells:  0 memorised,  2 levels left

Res.Fire  : . . .   See Invis. : .   b - +1 bow
Res.Cold  : . . .   Warding    : .   d - +0 leather armour
Life Prot.: . . .   Conserve   : .   (no shield)
Res.Poison: .       Res.Corr.  : .   (no helmet)
Res.Elec. : .       Clarity    : .   (no cloak)
Sust.Abil.: . .     Spirit.Shd : .   (no gloves)
Res.Mut.  : .       Stasis     : .   (no barding)
Res.Rott. : .       Flight     : .   (no amulet)
Saprovore : . . .                    (no ring)
                                     (no ring)

@: very quick, not resistant to hostile enchantments, extremely unstealthy
A: hooves 3, deformed body, herbivore 1, speed 2, fast metabolism 1, tough skin
3
a: no special abilities


You were on level 2 of the Dungeon.
You were not hungry.

You visited 1 branch of the dungeon, and saw 2 of its levels.

You collected 158 gold pieces.

Inventory:

Hand weapons
 a - a +0,+0 short sword
 b - a +1,+1 bow (weapon)
Missiles
 c - 60 arrows (quivered)
Armour
 d - a +0 leather armour (worn)
Comestibles
 f - 3 bread rations
 g - a pear
 l - a chunk of worm flesh
Scrolls
 e - a scroll of curse jewellery {unknown}
 h - a scroll of identify {unknown}
 j - a scroll of teleportation {unknown}
 m - a scroll of curse weapon {unknown}
 n - a scroll of fear {unknown}
Potions
 i - a potion of restore abilities
 k - a potion of beneficial mutation {unknown}
 o - a potion of heal wounds {unknown}


   Skills:
 - Level 1.0 Fighting
 + Level 7.0 Bows
 - Level 1.3 Dodging
 - Level 0.5 Stealth


You had 2 spell levels left.
You didn't know any spells.

Dungeon Overview and Level Annotations

Branches:
Dungeon (2/27)

Altars:


Innate Abilities, Weirdness & Mutations

You have hooves in place of feet.
Armour fits poorly on your strangely shaped body.
You digest meat inefficiently.
You cover ground very quickly.
You have a fast metabolism.
You have extremely tough skin (AC +3).


Message History

You shoot an arrow. The arrow misses the kobold.
The adder bites you.
* * * LOW HITPOINT WARNING * * *
The kobold hits you but does no damage.
Firing (i - inventory):
c - 62 arrows (quivered)
Press: ? - help, Shift-Dir - straight line, f/p - kobold
Aim: a kobold (moderately wounded)
You shoot an arrow. The arrow misses the kobold.
The adder bites you.
* * * LOW HITPOINT WARNING * * *
The kobold misses you. The adder bites you.
* * * LOW HITPOINT WARNING * * *
Firing (i - inventory):
c - 61 arrows (quivered)
Press: ? - help, Shift-Dir - straight line, f/p - kobold
Aim: a kobold (moderately wounded)
You shoot an arrow. The arrow hits the kobold.
You kill the kobold!
The adder bites you.
* * * LOW HITPOINT WARNING * * *
Drink which item? (? for menu, Esc to quit)
You feel refreshed.
It was a potion of restore abilities.
The adder bites you.
You die...

#####...### ###
..........######.#
####.........#...
.. #.)....###.##.#
#.#. #.#.#.##
#.#........
...#.#..
#.##.#.#.# # #.###
#.#...... ..
#.##.#.#.#.#.
#.((@........
#.##S#.#.#.#.
#......$(..(....
#.....#.#(#.#.#
#.......### #
.[......##
.....(.# ......
####


You could see an adder.

Vanquished Creatures
  Jessica (D:2)
  A worm (D:2)
  A giant gecko (D:1)
  2 giant cockroaches (D:1)
  3 goblins (D:1)
  2 jackals (D:1)
  2 quokkas (D:2)
  5 bats (D:1)
  A giant newt (D:2)
  4 kobolds
  2 rats (D:1)
  A plant (D:1)
25 creatures vanquished.

Notes
Turn   | Place    | Note
--------------------------------------------------------------
     0 | D:1      | Kae, the Centaur Hunter, began the quest for the Orb.
     0 | D:1      | Reached XP level 1. HP: 17/17 MP: 0/0
   166 | D:1      | Reached XP level 2. HP: 7/24 MP: 1/1
   212 | D:1      | Reached skill level 6 in Bows
   917 | D:2      | Reached XP level 3. HP: 24/29 MP: 2/2
  1072 | D:2      | Noticed Jessica
  1080 | D:2      | Killed Jessica
  1080 | D:2      | Reached skill level 7 in Bows
  1122 | D:2      | HP: 1/29 [adder (3)]
  1124 | D:2      | Slain by an adder

Action                   || total
-------------------------++-------
Melee: Short sword       ||   140
 Fire: Bow               ||     8
  Use: Potion            ||     1
